 Dungeon Crawl Stone Soup version 0.28-a0-80-g9707f7362f (webtiles) character file.

Game seed: 3136164200862844798

32 HAL9000 the Sneak (level 3, 0/18 HPs)
             Began as a Vine Stalker Brigand on Aug 5, 2021.
             Succumbed to an adder's poison
             ... on level 3 of the Dungeon.
             The game lasted 00:01:20 (1191 turns).

HAL9000 the Sneak (Vine Stalker Brigand)            Turns: 1191, Time: 00:01:20

Health: 0/18       AC:  3    Str: 14    XL:     3   Next: 25%
Magic:  0/4        EV: 11    Int: 11    God:
Gold:   33         SH:  0    Dex: 15    Spells: 2/2 levels left

rFire   . . .      SeeInvis .   a - +2 dagger
rCold   . . .      Faith    .   (no shield)
rNeg    . . .      Spirit   +   b - +0 robe
rPois   .          Reflect  .   (no helmet)
rElec   .          Harm     .   c - +0 cloak
rCorr   .          Rampage  .   (no gloves)
Will    .....                   (no boots)
Stlth   +++.......              (no amulet)
HPRegen 0.06/turn               (no ring)
MPRegen 0.09/turn               (no ring)

@: lethally poisoned (0 -> -6)
A: fangs 2, magic shield, antimagic bite, no potion heal 2
a: no special abilities


You were on level 3 of the Dungeon.
You visited 1 branch of the dungeon, and saw 3 of its levels.

You collected 33 gold pieces.

Inventory:

Hand Weapons
 a - a +2 dagger (weapon)
Missiles
 d - 8 poisoned darts (quivered)
 e - 2 curare-tipped darts
Armour
 b - a +0 robe (worn)
 c - a +0 cloak (worn)
Scrolls
 g - 2 scrolls of identify {unknown}
 h - 2 scrolls of teleportation
Potions
 f - 2 potions of lignification {unknown}


   Skills:
 - Level 1.7 Fighting
 - Level 1.7 Short Blades
 + Level 3.2 Throwing
 - Level 0.7 Dodging
 - Level 4.8 Stealth


You had 2 spell levels left.
You didn't know any spells.
Your spell library contained the following spells:

 Spells                   Type           Power      Damage    Failure   Level
 Sandblast                Erth           0%         2d4       34%         1
 Passwall                 Tmut/Erth      0%         N/A       47%         2
 Lee's Rapid Deconstruct  Erth           0%         3d5*      100%        5


Dungeon Overview and Level Annotations

Branches:
Dungeon (3/15)

Altars:


Innate Abilities, Weirdness & Mutations

You have extremely sharp teeth.
When hurt, damage is shared between your health and your magic reserves.
Your bite disrupts and absorbs the magic of your enemies.
Potions cannot restore your health.


Message History

Your surroundings suddenly seem different.
No target in view!
You start resting.
A ball python comes into view.
A ball python is nearby!
A ball python is nearby!
Found a leather armour.
Found a stone staircase leading down.
An adder comes into view.
The adder hisses angrily.
The ball python hisses angrily.
You closely miss the ball python. You hit the adder.
Your bite misses the adder.
The adder is moderately wounded.
You closely miss the adder.
The adder is moderately wounded.
The adder bites you.
You are poisoned.
The adder poisons you! The ball python bites you.
The ball python barely misses you. The adder bites you.
You hit the adder.
The adder is heavily wounded.
You feel sick.
The ball python bites you but does no damage.
The ball python closely misses you. The adder bites you.
You are lethally poisoned!
The adder poisons you!
You feel sick.
* * * LOW HITPOINT WARNING * * *
You feel sick.
* * * LOW HITPOINT WARNING * * *
You feel sick.
* * * LOW HITPOINT WARNING * * *
You feel sick.
There is a stone staircase leading down here.
* * * LOW HITPOINT WARNING * * *
You feel sick. The adder bites you.
You are more poisoned.
The adder poisons you!
You climb downwards.
You die...

#.# ... #.#
#.# #.# #.#
###.###<##.#
.......@...#
.#####..####
#..# ...#
##.## #. ..
##


There were no monsters in sight!

Vanquished Creatures
  A dart slug (D:1)
  A ball python (D:1)
  2 bats (D:1)
  3 endoplasms (D:1)
  A giant cockroach (D:1)
  2 goblins
  2 hobgoblins (D:1)
  8 jackals (D:1)
  A frilled lizard (D:1)
  A kobold (D:1)
  3 rats (D:1)
25 creatures vanquished.

Vanquished Creatures (others)
  4 toadstools (D:1)
4 creatures vanquished.

Grand Total: 29 creatures vanquished

Notes
Turn   | Place    | Note
-------+----------+-------------------------------------------
     0 | D:1      | HAL9000 the Vine Stalker Brigand began the quest for the
                  | Orb.
     0 | D:1      | Reached XP level 1. HP: 11/11 MP: 2/2
   119 | D:1      | Reached XP level 2. HP: 15/15 MP: 3/3
   490 | D:1      | Reached XP level 3. HP: 9/18 MP: 4/4
  1191 | D:3      | Succumbed to an adder's poison

Illustrated notes

Levels and vault maps discovered:
D:1:      ldierk_water_garden, layout_loops_ring, minivault_27
D:2:      layout_loops_ring, shapermc_ecumenical_altar_petra
D:3:      layout_loops_corners

Skill      XL: |  1  2 |
---------------+-------+-----
Throwing       | 2 3 |  3.2
Fighting       | |  1.7
Short Blades   | |  1.7
Dodging        | |  0.7
Stealth        | |  4.8

Action                   || total
-------------------------++-------
Melee: Dagger            ||    72
       Bite              ||    21
Throw: Dart              ||     1
  Use: Scroll            ||     1
 Stab: Sleeping          ||     5
Armor: Robe              ||    18
Dodge: Dodged            ||    30

Table legend: (Time is in decaauts)
 A = Elapsed time spent in this place.
 B = Non-inter-level travel time spent in this place.
 C = Inter-level travel time spent in this place.
 D = Time resting spent in this place.
 E = Time spent auto-exploring this place.
 F = Levels seen in this place.
 G = Mean time per level.
                   A        B        C        D        E       F      G
               +--------+--------+--------+--------+--------+-----+--------+
         Total |   1185 |   1180 |      5 |    287 |    719 |   3 |  395.0 |
       Dungeon |   1185 |   1180 |      5 |    287 |    719 |   3 |  395.0 |
               +--------+--------+--------+--------+--------+-----+--------+

Top non-repeatable levels by time:
     D:1: 1060 daAuts
     D:2: 125 daAuts
